 Dungeon Crawl Stone Soup version 0.21-a0-401-g0b6bec4 (webtiles) character file.

1144 kae the Digger (level 8, -2/41 HPs)
             Began as a Gargoyle Earth Elementalist on Oct 24, 2017.
             Was an Initiate of Vehumet.
             Slain by an orc warrior
             ... wielding a +0 halberd
              (9 damage)
             ... on level 6 of the Dungeon.
             The game lasted 00:07:54 (5511 turns).

kae the Digger (Gargoyle Earth Elementalist)        Turns: 5511, Time: 00:07:55

Health: -2/41      AC:  9    Str: 12    XL:     8   Next: 37%
Magic:  3/15       EV: 12    Int: 18    God:    Vehumet [......]
Gold:   179        SH:  0    Dex: 10    Spells: 8/17 levels left

rFire    + . .     SeeInvis .   s - staff of wizardry
rCold    + . .     Gourm    .   (no shield)
rNeg     + . .     Faith    .   c - +0 robe
rPois    ∞         Spirit   .   (no helmet)
rElec    +         Reflect  .   w - scarf {rC+ rF+}
rCorr    .         Harm     .   z - +1 pair of gloves
MR       .....                  (no boots)
Stlth    ++........             (no amulet)
HPRegen  0.13/turn              (no ring)
MPRegen  0.14/turn              (no ring)

@: no status effects
A: negative energy resistance 1, electricity resistance, unbreathing,
petrification resistance, rot immunity, AC +5
a: Renounce Religion


You were on level 6 of the Dungeon.
You worshipped Vehumet.
Vehumet was noncommittal.
You were hungry.

You visited 2 branches of the dungeon, and saw 7 of its levels.

You collected 179 gold pieces.

Inventory:

Hand Weapons
 h - a +0 club
 r - a +0 whip of electrocution
Missiles
 b - 60 stones (quivered)
Armour
 c - a +0 robe (worn)
 w - a scarf of resistance (worn)
 z - a +1 pair of gloves (worn)
Magical Staves
 s - an uncursed staff of wizardry (weapon)
Jewellery
 y - an uncursed amulet of rage
Scrolls
 j - 2 scrolls of magic mapping
 l - 4 scrolls of remove curse
 o - a scroll of recharging
 t - 2 scrolls of teleportation
 x - a scroll of fog
 B - a scroll of enchant armour
Potions
 i - 5 potions of curing
 k - 2 potions of invisibility
 m - a potion of lignification
 q - a potion of brilliance
 v - 2 potions of magic
 A - 2 potions of heal wounds
Books
 e - a book of Geomancy

   Spells                             Type                      Level
   a - Sandblast                      Earth                        1
   b - Passwall                       Transmutation/Earth          2
   c - Stone Arrow                    Conjuration/Earth            3
   d - Petrify                        Transmutation/Earth          4
   e - Lee's Rapid Deconstruction     Earth                        5
Comestibles
 a - 4 chunks of flesh
 d - 6 bread rations
 f - 5 fruits
 g - a royal jelly
 n - 3 meat rations


   Skills:
 + Level 3.6 Staves
 - Level 1.6 Dodging
 - Level 2.2 Stealth
 + Level 5.1 Spellcasting
 + Level 5.0 Conjurations
   Level 0.7 Transmutations
 + Level 7.2 Earth Magic


You had 8 spell levels left.
You knew the following spells:

 Your Spells              Type           Power        Failure   Level  Hunger
a - Sandblast             Erth           ####..       1%          1    None
b - Stone Arrow           Conj/Erth      ####..       1%          3    ##.....
c - Lee's Rapid Deconstr  Erth           ####......   8%          5    ######.


Dungeon Overview and Level Annotations

Branches:
Dungeon (6/15)             Temple (1/1) D:4

Altars:
Ashenzari
Cheibriados
Dithmenos
Elyvilon
Fedhas
Gozag
Hepliaklqana
Kikubaaqudgha
Makhleb
Nemelex Xobeh
Okawaru
Qazlal
Ru
Sif Muna
Trog
Uskayaw
Vehumet
Wu Jian
Xom
Yredelemnul
Zin
The Shining One


Innate Abilities, Weirdness & Mutations

You are resistant to torment.
Your stone body is resilient. (AC +5)
You are immune to poison.
You resist negative energy. (rN+)
You are resistant to electric shocks. (rElec)
You can survive without breathing.
You are immune to petrification.
You are immune to rotting.


Message History

The orc warrior is severely wounded.
The orc warrior closely misses you.
Casting: Stone Arrow
Confirm with . or Enter, or press ? or * to list all spells.
Aiming: Stone Arrow
Press: ? - help, Shift-Dir - straight line, f/p - orc warrior
Aim: an orc warrior, wielding a halberd and wearing a plate armour (severely wounded)
The stone arrow misses the orc warrior.
The orc warrior hits you from afar with a halberd!
* * * LOW HITPOINT WARNING * * *
Casting: Stone Arrow
Confirm with . or Enter, or press ? or * to list all spells.
Aiming: Stone Arrow
Press: ? - help, Shift-Dir - straight line, f/p - orc warrior
Aim: an orc warrior, wielding a halberd and wearing a plate armour (severely wounded)
The stone arrow hits the orc warrior.
The orc warrior is almost dead.
You are feeling hungry.
The orc warrior hits you from afar with a halberd!
You die...

#.#.## .## #....... #....
...[ +...... #.#.##.>.#
#..... ##.#......# ###..c.
#..o.†....#
.....##+##...........
##.####...##.##.######..##
..........##.##o###### .#
#(..##.@.........
#..(.)....######.
#####...##....#
#................
#.###..............
###[.##..###### #..##..#
#........ ....#..##


You could see an orc warrior.

Vanquished Creatures
  2 phantoms (D:4)
  A sky beast (D:6)
  A centaur (D:6)
  2 scorpions (D:4)
  2 howler monkeys
  A crimson imp (D:5)
  A bullfrog zombie (D:5)
  A quasit (D:5)
  An orc priest (D:3)
  A jelly (D:5)
  6 orc wizards
  4 worker ants
  A worker ant zombie (D:5)
  12 adders
  An adder skeleton (D:4)
  A worm (D:2)
  2 dart slugs
  4 leopard geckos
  14 orcs
  A ball python (D:2)
  9 giant cockroaches
  7 goblins
  6 hobgoblins
  A jackal (D:5)
  2 quokkas
  5 bats (D:2)
  6 frilled lizards
  5 kobolds
  A quokka skeleton (D:4)
  9 rats
110 creatures vanquished.

Notes
Turn   | Place    | Note
-------+----------+-------------------------------------------
     0 | D:1      | kae the Gargoyle Earth Elementalist began the quest for the Orb.
     0 | D:1      | Reached XP level 1. HP: 10/10 MP: 3/3
   227 | D:1      | Reached XP level 2. HP: 15/15 MP: 5/5
   258 | D:1      | Reached skill level 4 in Earth Magic
   623 | D:2      | Reached XP level 3. HP: 5/19 MP: 2/7
   628 | D:2      | Learned a level 3 spell: Stone Arrow
  1105 | D:2      | Reached skill level 1 in Conjurations
  1105 | D:2      | Reached XP level 4. HP: 20/24 MP: 6/8
  1775 | D:3      | Found a sparkling altar of Nemelex Xobeh.
  2017 | D:3      | Reached skill level 5 in Earth Magic
  2074 | D:3      | Reached XP level 5. HP: 21/28 MP: 2/9
  2845 | D:3      | Reached XP level 6. HP: 32/32 MP: 11/11
  2947 | D:3      | Learned a level 5 spell: Lee's Rapid Deconstruction
  2963 | D:4      | Noticed a phantom
  2984 | D:4      | Killed a phantom
  2984 | D:4      | Reached skill level 1 in Staves
  3340 | D:4      | Noticed a phantom
  3349 | D:4      | Killed a phantom
  3349 | D:4      | Reached skill level 6 in Earth Magic
  3349 | D:4      | Reached XP level 7. HP: 35/36 MP: 6/13
  3359 | D:4      | Found a staircase to the Ecumenical Temple.
  3399 | Temple   | Entered the Ecumenical Temple
  3509 | Temple   | Became a worshipper of Vehumet
  4034 | D:5      | Entered Level 5 of the Dungeon
  4568 | D:5      | Reached XP level 8. HP: 41/41 MP: 4/15
  5123 | D:5      | Reached skill level 7 in Earth Magic
  5311 | D:6      | Reached skill level 5 in Spellcasting
  5403 | D:6      | Reached skill level 5 in Conjurations
  5511 | D:6      | Slain by an orc warrior

Vault maps used:
D:1:      lightli_arrival_boilingwater, minmay_tetromino_o4
D:2:      first_bread
D:3:      overflow_temple_1_default
D:4:      minmay_temple_entry_statues_pillars
D:5:      hangedman_minor_gate_pass
D:6:      uniq_sigmund
Temple:   compressed_dpeg_circular_temple

Skill      XL: |  1  2  3  4  5  6  7  8 |
---------------+-------------------------+-----
Earth Magic    | 4 5 6 7 |  7.2
Conjurations   | 1 2 3 4 5 |  5.0
Spellcasting   | 3 4 5 |  5.1
Staves         | 1 3 |  3.6
Dodging        | |  1.6
Stealth        | |  2.2
Transmutations | |  0.7

Action                   |  1- 3 |  4- 6 |  7- 9 || total
-------------------------+-------+-------+-------++-------
Melee: Unarmed           |    47 |       |       ||    47
       Club              |    36 |   120 |       ||   156
       Whip              |       |    13 |       ||    13
       Staff             |       |    42 |    75 ||   117
 Cast: Sandblast         |    10 |    64 |    15 ||    89
       Stone Arrow       |       |     6 |    46 ||    52
  Use: Scroll            |     2 |     5 |    10 ||    17
 Stab: Sleeping          |     5 |     6 |       ||    11
       Distracted        |       |     1 |       ||     1
  Eat: Chunk             |       |     9 |     9 ||    18
Armor: Robe              |    30 |    97 |    35 ||   162
Dodge: Dodged            |    59 |   171 |    79 ||   309

Table legend:
 A = Spawn XP
 B = Non-spawn XP
 C = Spawn XP percentage of total XP
 D = Spawn monster count
 E = Non-spawn monster count
 F = Spawn count percentage of total count
 G = Total turns spent on level
                    A         B        C        D         E        F      G
               +---------+---------+-------+---------+---------+-------+---------
         Total |       0 |    1635 |   0.0 |       0 |     110 |   0.0 |  5511
               +---------+---------+-------+---------+---------+-------+---------
           D:1 |       0 |      23 |   0.0 |       0 |      13 |   0.0 |   559
           D:2 |       0 |      87 |   0.0 |       0 |      24 |   0.0 |  1208
           D:3 |       0 |     209 |   0.0 |       0 |      33 |   0.0 |  1196
           D:4 |       0 |     574 |   0.0 |       0 |      17 |   0.0 |  1221
           D:5 |       0 |     507 |   0.0 |       0 |      19 |   0.0 |   975
           D:6 |       0 |     235 |   0.0 |       0 |       4 |   0.0 |   225
               +---------+---------+-------+---------+---------+-------+---------
